 Dungeon Crawl Stone Soup version 0.16-a0-3939-g9a3e665 (webtiles) character file.

1826 timbw the Cleaver (level 9, -1/55 HPs)
             Began as a Gargoyle Berserker on Feb 6, 2015.
             Was a Priest of Trog.
             Slain by a manticore (10 damage)
             ... on level 11 of the Dungeon.
             The game lasted 00:08:59 (1358 turns).

timbw the Cleaver (Gargoyle Berserker)              Turns: 1358, Time: 00:08:59

Health: -1/55      AC: 19    Str: 23    XL:     9   Next: 11%
Magic:  9/9        EV:  7    Int:  8    God:    Trog [***...]
Gold:   166        SH:  0    Dex: 10    Spells: 0 memorised, 8 levels left

rFire  + . .     SeeInvis .     k - +2 hand axe (elec)
rCold  . . .     Clarity  .     q - +0 plate armour
rNeg   + . .     SustAb   .     (no shield)
rPois  ∞         Gourm    .     (no helmet)
rElec  +         Spirit   .     u - +0 cloak
rCorr  .         Warding  .     (no gloves)
rMut   +         Stasis   .     (no boots)
MR     .....                    w - amulet of resist mutation
Stlth  ..........               (no ring)
                                y - ring of protection from fire

@: confused, not resistant to hostile enchantments, extremely unstealthy
A: negative energy resistance 1, electricity resistance, unbreathing,
petrification resistance, rot immunity, AC +5
a: Burn Spellbooks, Berserk, Trog's Hand, Renounce Religion


You were on level 11 of the Dungeon.
You worshipped Trog.
Trog was most pleased with you.
You were not hungry.

You visited 1 branch of the dungeon, and saw 11 of its levels.

You collected 166 gold pieces.

Inventory:

Hand weapons
 a - a +0 hand axe
 k - a +2 hand axe of electrocution (weapon)
Missiles
 r - 7 curare-tipped needles
Armour
 b - a +0 animal skin
 q - a +0 plate armour (worn)
 u - a +0 cloak (worn)
 v - a +0 ring mail
 A - a +0 chain mail
Jewellery
 w - an amulet of resist mutation (around neck)
 y - a ring of protection from fire (left hand)
Magical devices
 f - a wand of magic darts (18)
Scrolls
 g - a scroll of teleportation
 i - a scroll of identify
 n - a scroll of immolation
Potions
 e - a potion of restore abilities
 h - a potion of ambrosia
 l - a potion of haste {unknown}
 o - a potion of invisibility {unknown}
 p - 2 potions of curing
 s - a potion of brilliance {unknown}
 z - a potion of degeneration {unknown}
Comestibles
 c - a bread ration
 d - 2 meat rations
 t - a slice of pizza


   Skills:
 + Level 6.1 Fighting
 * Level 9.0 Axes
 + Level 5.5 Armour
 - Level 1.5 Dodging


You had 8 spell levels left.
You didn't know any spells.

Dungeon Overview and Level Annotations

Branches:
Dungeon (11/15)            Temple (0/1) D:7            Lair (0/8) D:8
    Orc: D:9-12

Altars:
Ashenzari
Trog
Xom
Zin
The Shining One

Shops:
D:5 [   D:7 =


Innate Abilities, Weirdness & Mutations

You are resistant to torment.
You are immune to poison.
Your stone body is very resilient (AC +5).
You resist negative energy.
You are resistant to electric shocks.
You can survive without breathing.
You are immune to petrification.
You are immune to rotting.


Message History

The manticore closely misses you. The manticore bites you!
* * * LOW HITPOINT WARNING * * *
The manticore claws you.
* * * LOW HITPOINT WARNING * * *
The manticore barely misses you.
Drink which item? (? for menu, Esc to quit)
It was a potion of ambrosia.
You are confused.
You feel invigorated.
The manticore bites you but does no damage.
The manticore claws you but does no damage.
The manticore completely misses you.
Unknown command.
Drink which item? (? for menu, Esc to quit)
Okay, then.
You're too confused!
You slash the manticore!
The manticore is severely wounded.
The manticore bites you!
You die...

#######
####.......
...........
..........
.........
#.........
#@H.......
+.........
#........
#####+#+#


You could see a manticore.

Vanquished Creatures
  A guardian serpent (D:11)
  Menkaure (D:6)
  A sky beast (D:7)
  3 centaurs
  An ice beast (D:8)
  An orc warrior (D:9)
  A wasp (D:10)
  An ogre (D:8)
  A necrophage (D:10)
  A big kobold (D:10)
  3 wights (D:10)
  A crimson imp (D:10)
  An orc priest (D:9)
  4 hounds
  A worker ant (D:4)
  Ijyb (D:7)
  A hound skeleton (D:10)
  2 adders
  9 gnolls
  A giant mite (D:2)
  A giant gecko (D:10)
  2 orcs (D:9)
  2 ball pythons
  A bat skeleton (D:5)
  4 goblins
  6 hobgoblins
  4 jackals (D:1)
  6 kobolds
  2 bats
  A giant cockroach (D:7)
  A giant gecko skeleton (D:7)
  A giant newt (D:2)
  A jackal skeleton (D:4)
  5 rats
  A fungus (D:8)
74 creatures vanquished.

Notes
Turn   | Place    | Note
--------------------------------------------------------------
     0 | D:1      | timbw, the Gargoyle Berserker, began the quest for the Orb.
     0 | D:1      | Reached XP level 1. HP: 14/14 MP: 1/1
    71 | D:1      | Reached XP level 2. HP: 13/19 MP: 2/2
   206 | D:2      | Reached XP level 3. HP: 20/23 MP: 3/3
   231 | D:2      | Found a bloodstained altar of Trog.
   327 | D:4      | Reached skill level 4 in Axes
   331 | D:4      | Reached XP level 4. HP: 12/28 MP: 4/4
   332 | D:4      | Acquired Trog's second power
   375 | D:4      | Found a glowing golden altar of the Shining One.
   378 | D:4      | Reached skill level 5 in Axes
   378 | D:4      | Reached XP level 5. HP: 20/32 MP: 5/5
   514 | D:5      | Entered Level 5 of the Dungeon
   524 | D:5      | Found Bootodo's Antique Armour Emporium.
   590 | D:6      | Noticed Menkaure
   601 | D:6      | Killed Menkaure
   601 | D:6      | Reached skill level 6 in Axes
   601 | D:6      | Reached XP level 6. HP: 23/37 MP: 6/6
   611 | D:6      | Found a shattered altar of Ashenzari.
   615 | D:6      | Found a shimmering altar of Xom.
   646 | D:6      | Noticed a centaur
   653 | D:6      | Killed a centaur
   693 | D:7      | Noticed Ijyb
   694 | D:7      | Found a staircase to the Ecumenical Temple.
   706 | D:7      | Killed Ijyb
   767 | D:7      | Reached skill level 7 in Axes
   767 | D:7      | Reached XP level 7. HP: 37/41 MP: 7/7
   768 | D:7      | Found Isch's Jewellery Shop.
   839 | D:7      | Found a glowing silver altar of Zin.
   965 | D:8      | Found a staircase to the Lair.
  1037 | D:8      | Reached XP level 8. HP: 29/48 MP: 8/8
  1091 | D:10     | Entered Level 10 of the Dungeon
  1107 | D:10     | Reached skill level 8 in Axes
  1147 | D:10     | Reached skill level 5 in Fighting
  1269 | D:10     | Reached skill level 5 in Armour
  1310 | D:11     | Noticed a guardian serpent
  1319 | D:11     | Killed a guardian serpent
  1319 | D:11     | Reached skill level 9 in Axes
  1319 | D:11     | Reached XP level 9. HP: 52/55 MP: 9/9
  1335 | D:11     | Noticed a hill giant
  1350 | D:11     | Noticed a manticore
  1358 | D:11     | Slain by a manticore

Action                   |  1- 3 |  4- 6 |  7- 9 || total
-------------------------+-------+-------+-------++-------
Melee: Hand axe          |    43 |    86 |   119 ||   248
Throw: Throwing net      |       |       |     2 ||     2
Invok: Berserk           |     2 |     1 |     2 ||     5
       Trog's Hand       |       |     1 |     2 ||     3
  Use: Scroll            |       |     4 |     4 ||     8
       Potion            |       |       |     2 ||     2
  Eat: Chunk             |       |     3 |     3 ||     6
       Beef jerky        |       |       |     1 ||     1
